 Dungeon Crawl Stone Soup version 0.23.2-40-g277498a001 (webtiles) character file.

Game seed: 9363444112324958654

1792 FishyPogo the Sneak (level 9, -2/52 HPs)
             Began as a Kobold Hunter on Aug 17, 2019.
             Was a Follower of Dithmenos.
             Slain by a wight
             ... wielding a cursed +0 scimitar
              (4 damage)
             ... on level 6 of the Dungeon.
             The game lasted 00:26:00 (5819 turns).

FishyPogo the Sneak (Kobold Hunter)                 Turns: 5819, Time: 00:26:01

Health: -2/52      AC:  5    Str:  9    XL:     9   Next: 30%
Magic:  11/11      EV: 14    Int: 13    God:    Dithmenos [*.....]
Gold:   311        SH:  7    Dex: 18    Spells: 8/8 levels left

rFire    . . .     SeeInvis .   b - +1 dagger (drain)
rCold    + . .     Gourm    .   t - +1 buckler
rNeg     . . .     Faith    .   y - +0 leather armour
rPois    .         Spirit   .   (no helmet)
rElec    .         Reflect  .   (no cloak)
rCorr    .         Harm     .   (no gloves)
MR       .....                  e - +1 pair of boots
Stlth    ++++......             (no amulet)
HPRegen  0.17/turn              D - ring of protection from cold
MPRegen  0.12/turn              (no ring)

@: wreathed by umbra, heavily drained
A: small, carnivore
a: Renounce Religion


You were on level 6 of the Dungeon.
You worshipped Dithmenos.
Dithmenos was aware of your devotion.
You were completely stuffed.

You visited 2 branches of the dungeon, and saw 7 of its levels.
You also visited: Sewer.

You collected 311 gold pieces.

Inventory:

Hand Weapons
 a - a +2 hand crossbow
 b - a +1 dagger of draining (weapon)
 h - a +0 short sword
Missiles
 d - 42 bolts
 l - 98 stones (quivered)
Armour
 e - a +1 pair of boots (worn)
 t - a +1 buckler (worn)
 y - a +0 leather armour (worn)
Jewellery
 c - an uncursed ring of ice
 w - an uncursed ring of fire
 D - a ring of protection from cold (left hand)
Wands
 x - a wand of flame (24)
Scrolls
 j - 2 scrolls of fog {unknown}
 m - 2 scrolls of teleportation {unknown}
 n - 2 scrolls of identify
 q - 4 scrolls of remove curse
 v - a scroll of enchant weapon
 B - a scroll of enchant armour
Potions
 g - a potion of lignification {unknown}
 i - a potion of brilliance {unknown}
 k - a potion of haste
 o - a potion of cancellation {unknown}
 p - 2 potions of berserk rage
 r - 2 potions of heal wounds
 u - 3 potions of flight
 z - 2 potions of agility
 A - 3 potions of curing
 E - a potion of ambrosia {unknown}
Comestibles
 f - 11 rations
 s - 11 chunks of flesh


   Skills:
 + Level 3.7(2.3) Fighting
 + Level 6.6(5.2) Short Blades
 - Level 5.0(3.6) Crossbows
 + Level 1.3(0.1) Armour
 - Level 3.0(1.7) Dodging
 + Level 7.9(6.5) Stealth
 - Level 5.6(4.2) Shields
 * Level 3.2(1.9) Evocations


You had 8 spell levels left.
You didn't know any spells.
Your spell library contained the following spells:

 Spells                   Type           Power        Failure   Level  Hunger
 Animate Skeleton         Necr           N/A          43%         1    ##.....
 Apportation              Tloc           #.....       43%         1    ##.....
 Confusing Touch          Hex            #.....       43%         1    ##.....
 Summon Small Mammal      Summ           #...         43%         1    ##.....


Dungeon Overview and Level Annotations

Branches:
Dungeon (6/15)             Temple (1/1) D:6

Altars:
Dithmenos
Elyvilon
Fedhas
Gozag
Hepliaklqana
Makhleb
Qazlal
Sif Muna
Vehumet
Wu Jian

Shops:
D:6 }[


Innate Abilities, Weirdness & Mutations

You are small and have problems with some larger weapons.
You are carnivorous and can eat meat at any time.


Message History

You barely miss the wight.
The wight is heavily damaged.
The wight misses you.
You hit the wight but do no damage.
The wight is heavily damaged.
The wight hits you with a cursed +0 scimitar.
You barely miss the wight.
The wight is heavily damaged.
You barely miss the wight.
The wight is heavily damaged.
The wight hits you with a cursed +0 scimitar!
* * * LOW HITPOINT WARNING * * *
You feel drained.
* * * LOW HITPOINT WARNING * * *
You hit the wight.
The wight is severely damaged.
You hit the wight but do no damage.
The wight is severely damaged.
The wight hits you with a cursed +0 scimitar.
You die...

........###,###....###≈####.####
.......##,*+*,##.....#≈#.......##
.......#♣,,,,,♣#...###.####..#...
......##,,,,,,,##....#≈####......
...#..*∩,,,8,,,>#.##.###.....####
####..**,,,,,,,##........###.# *,
*,,,**,,,,,♣#.........###.# *,
****,*,**,*+*,##..........##.#**,
,,,,,,,,***,###.@.........##..**,
,,,,,,,,,,**#....z........###.,,,
,,,,,,,,,......#..........# *##*,
,,,,,,,,,#####..../.......# *,
,,,,,,,,,* ####........## *,
********** *#........#* *,
*..........* *, #..........# *,
*#..........* **


You could see a wight.

Vanquished Creatures
  Pikel (D:4)
  Edmund (D:6)
  Duvessa (D:4)
  2 black bears (D:6)
  4 slaves
  An ice beast (D:5)
  2 centaurs
  A big kobold (Sewer)
  A bullfrog (D:6)
  A scorpion (D:4)
  Dowan (D:4)
  A crimson imp (D:5)
  A bullfrog zombie (D:6)
  A centaur zombie (D:6)
  A hound (D:5)
  An orc priest (D:3)
  A centaur skeleton (D:4)
  An iguana (D:6)
  3 worker ants
  7 adders
  A river rat (Sewer)
  An ooze (D:1)
  2 dart slugs
  A worm (D:3)
  4 leopard geckos
  5 orcs
  12 bats
  4 giant cockroaches
  5 hobgoblins
  8 jackals
  15 kobolds
  3 quokkas
  A ball python (D:2)
  7 frilled lizards
  7 goblins
  A leopard gecko zombie (D:6)
  12 rats
122 creatures vanquished.

Notes
Turn   | Place    | Note
-------+----------+-------------------------------------------
     0 | D:1      | FishyPogo the Kobold Hunter began the quest for the Orb.
     0 | D:1      | Reached XP level 1. HP: 12/12 MP: 1/1
   125 | D:1      | Reached skill level 5 in Crossbows
   125 | D:1      | Reached XP level 2. HP: 18/18 MP: 2/2
   190 | D:1      | Reached skill level 2 in Stealth
   367 | D:1      | Reached XP level 3. HP: 22/22 MP: 3/3
   840 | D:2      | Reached skill level 1 in Short Blades
   955 | D:2      | Reached skill level 3 in Stealth
   955 | D:2      | Reached XP level 4. HP: 26/28 MP: 4/4
  1676 | D:3      | Reached skill level 1 in Shields
  1676 | D:3      | Reached XP level 5. HP: 22/32 MP: 5/5
  1933 | D:3      | Reached skill level 4 in Stealth
  2489 | D:4      | Noticed a slave
  2490 | D:4      | Noticed a slave
  2525 | D:4      | Killed a slave
  2703 | D:4      | Killed a slave
  2966 | D:4      | Noticed a slave
  2975 | D:4      | Noticed Pikel
  2976 | D:4      | Noticed a slave
  3019 | D:3      | Killed a slave
  3154 | D:4      | Noticed Duvessa
  3161 | D:4      | Noticed Dowan
  3215 | D:4      | Killed Dowan
  3215 | D:4      | Reached XP level 6. HP: 18/37 MP: 6/6
  3575 | D:4      | Killed Duvessa
  3575 | D:4      | Reached skill level 5 in Stealth
  3575 | D:4      | Reached XP level 7. HP: 22/41 MP: 7/7
  3763 | D:4      | Killed Pikel
  3763 | D:4      | Reached skill level 5 in Short Blades
  3763 | D:4      | Reached skill level 6 in Stealth
  3763 | D:4      | Reached XP level 8. HP: 45/46 MP: 8/8
  4014 | D:5      | Entered Level 5 of the Dungeon
  4721 | D:5      | Reached skill level 7 in Stealth
  4863 | D:5      | Reached skill level 5 in Shields
  4955 | D:6      | Found Fulukh's Armour Emporium.
  4955 | D:6      | Noticed Edmund
  4961 | D:6      | Killed Edmund
  4997 | D:6      | Found a staircase to the Ecumenical Temple.
  5012 | Temple   | Entered the Ecumenical Temple
  5026 | Temple   | Became a worshipper of Dithmenos the Shadowed
  5185 | D:6      | Found a glowing drain.
  5194 | Sewer    | Entered a sewer
  5203 | Sewer    | Reached skill level 1 in Evocations
  5292 | Sewer    | Reached XP level 9. HP: 39/50 MP: 8/10
  5331 | Sewer    | Found a white marble altar of Elyvilon.
  5601 | D:6      | Reached skill level 1 in Armour
  5615 | D:6      | Reached * piety under Dithmenos
  5707 | D:6      | Found Heysosm's Gadget Shop.
  5817 | D:6      | HP: 2/52 [wight/cursed +0 scimitar (2)]
  5819 | D:6      | Slain by a wight

Skill      XL: |  1  2  3  4  5  6  7  8  9 |
---------------+----------------------------+-----
Crossbows      | 5 |  5.0
Stealth        | 2 3 4 5 6 7 |  7.9
Dodging        | 3 |  3.0
Fighting       | 3 |  3.7
Short Blades   | 1 2 3 5 6 |  6.6
Shields        | 1 2 3 4 5 |  5.6
Evocations     | 1 3 |  3.2
Armour         | 1 |  1.3

Action                   |  1- 3 |  4- 6 |  7- 9 || total
-------------------------+-------+-------+-------++-------
Melee: Dagger            |    66 |   172 |   302 ||   540
 Fire: Hand crossbow     |    30 |    46 |    23 ||    99
Throw: Stone             |    19 |     2 |     1 ||    22
Evoke: Wand              |       |       |     2 ||     2
  Use: Potion            |       |     3 |     6 ||     9
       Scroll            |       |     3 |     5 ||     8
 Stab: Sleeping          |     1 |     5 |     2 ||     8
       Distracted        |       |       |     1 ||     1
  Eat: Chunk             |     9 |     5 |    10 ||    24
Armor: Leather armour    |    15 |    29 |    41 ||    85
Dodge: Dodged            |    44 |   101 |   169 ||   314
Block: Buckler           |       |       |    60 ||    60
